Map: Ulrena

Players

MarineLorD - Winner!

  • Race: Terran Terran
  • League: Platinum

LiquidTLO (TLO)

  • Race: Zerg Zerg
  • League: Grandmaster

Event: TLO vs marinelord

VOD

https://www.youtube.com/watch?v=ixbTfREAXaM

Description

Time

  • Played on: Nov. 23, 2015, 1:14 p.m.
  • Length: 11:59

All games in this series

Show
View Real Time Build Order
Export as new Build Order

MarineLorD Terran - Winner!

Build Orders: Liberator Opening, Reaper Expand 

Get SALT Encoding   

  12  0:00  SCV  
  13  0:12  SCV  
  14  0:17  Supply Depot  
  14  0:24  SCV  
  15  0:39  SCV  
  15  0:40  Barracks  
  16  0:45  Refinery  
  16  0:51  SCV  
  17  1:03  SCV  
  18  1:15  SCV  
  19  1:27  Orbital Command  
  19  1:28  Reaper  
  20  1:41  Command Center  
  20  1:53  SCV  
  21  1:55  Supply Depot  
  21  2:00  Barracks Reactor, Refinery  
  21  2:05  SCV  
  22  2:17  SCV  
  23  2:27  Factory  
  23  2:29  SCV  
  24  2:39  Marine x2  
  24  2:41  SCV  
  27  2:53  SCV  
  27  2:54  Orbital Command  
  27  2:56  Bunker  
  27  2:57  Marine x2  
  30  3:05  SCV  
  31  3:11  Factory Tech Lab, Starport  
  31  3:15  Marine x2  
  31  3:17  SCV  
  31  3:19  SCV  
  35  3:29  Supply Depot, SCV  
  35  3:32  SCV  
  35  3:33  Liberator  
  37  3:34  Marine x2  
  37  3:36  Siege Tank  
  42  3:42  SCV  
  42  3:44  SCV, Supply Depot  
  44  3:54  SCV  
  48  3:56  SCV  
  48  3:59  Marine x2  
  48  4:00  Supply Depot  
  51  4:06  SCV  
  51  4:10  Supply Depot, Siege Tank  
  51  4:13  SCV  
  51  4:17  Marine x2  
  55  4:20  Liberator  
  55  4:24  SCV  
  58  4:27  Supply Depot  
  58  4:31  SCV  
  58  4:32  Refinery  
  58  4:34  Supply Depot  
  58  4:36  SCV  
  63  4:41  Marine  
  63  4:43  Marine  
  63  4:44  SCV  
  66  4:48  SCV  
  67  4:56  SCV  
  67  4:59  Marine  
  68  5:00  SCV, Siege Tank  
  68  5:01  Marine  
  73  5:08  SCV, Bunker  
  73  5:10  Bunker  
  73  5:12  SCV  
  75  5:17  Bunker, Marine  
  75  5:19  Marine  
  75  5:20  SCV  
  78  5:24  SCV  
  79  5:30  Medivac  
  79  5:32  Siege Tank  
  79  5:33  SCV  
  79  5:34  Marine  
  86  5:36  SCV  
  86  5:40  Command Center  
  87  5:43  Marine  
  87  5:48  SCV  
  90  5:50  Barracks  
  90  5:51  Supply Depot, Barracks  
  90  5:52  Marine  
  90  6:01  Marine  
  90  6:02  Medivac  
  93  6:05  SCV  
  93  6:07  Supply Depot  
  94  6:12  SCV, Siege Tank, Marine  
  99  6:19  Marine  
  99  6:22  SCV  
  101  6:27  Engineering Bay  
  101  6:28  Engineering Bay  
  101  6:30  Marine  
  101  6:34  SCV  
  101  6:36  Marine  
  103  6:40  Barracks Tech Lab x2  
  103  6:42  SCV  
  103  6:44  Refinery  
  103  6:48  Marine  
  103  6:50  Siege Tank  
  107  6:54  Marine  
  107  7:01  Marine x2, Orbital Command  
  108  7:02  Combat Shields  
  108  7:05  Marine  
  111  7:13  Terran Infantry Weapons Level 1, Terran Infantry Armor Level 1  
  111  7:15  Barracks, Marine  
  112  7:17  Barracks  
  112  7:19  Marine x2  
  112  7:20  SCV  
  115  7:23  Marine  
  113  7:32  SCV x2  
  113  7:33  Marine  
  116  7:37  Marine x2  
  116  7:41  Siege Tank, Marine  
  120  7:44  SCV  
  120  7:48  SCV  
  120  7:50  Marine, Starport Reactor  
  116  7:55  Marine x2  
  116  7:56  SCV  
  119  7:58  Orbital Command  
  119  7:59  Barracks, Marine  
  119  8:01  Armory  
  119  8:03  Marine  
  121  8:05  Marine  
  121  8:08  SCV, Marine  
  121  8:12  Marine  
  123  8:13  Marine  
  123  8:14  Siege Tank  
  123  8:17  Marine  
  113  8:21  Marine  
  113  8:26  Barracks Reactor, Marine  
  106  8:30  Marine  
  106  8:31  Marine  
  102  8:34  Marine  
  102  8:36  SCV x3  
  102  8:38  Marine  
  107  8:44  Marine  
  107  8:46  Siege Tank  
  107  8:47  Refinery  
  107  8:48  Marine  
  111  8:49  Refinery, Marine  
  111  8:51  Medivac x2  
  111  8:52  Barracks Reactor, Marine  
  111  8:54  Terran Vehicle Weapons Level 1  
  119  8:57  Factory  
  119  8:59  Supply Depot  
  119  9:00  Supply Depot, Barracks Reactor  
  119  9:02  Marine  
  119  9:04  Marine  
  119  9:06  Marine x2  
  121  9:11  Marine x2  
  123  9:17  Missile Turret  
  123  9:19  Marine  
  123  9:21  Concussive Shells, Medivac  
  123  9:22  Supply Depot, Stimpack, Marine  
  123  9:24  Marine  
  129  9:29  Factory, Marine x4  
  135  9:32  Supply Depot  
  135  9:36  Supply Depot  
  135  9:37  Bunker, Terran Infantry Weapons Level 2, Marine  
  136  9:38  Supply Depot  
  136  9:39  Terran Infantry Armor Level 2  
  136  9:41  Marine x3  
  136  9:42  Factory Tech Lab  
  136  9:44  Marine x2  
  137  9:47  Marine x4  
  137  9:48  Medivac  
  137  9:51  Medivac  
  145  9:55  Marine  
  145  9:59  Marine x3  
  146  10:02  Marine x2  
  146  10:03  Siege Tank  
  146  10:04  Marine  
  146  10:05  Marine x3  
  155  10:15  Command Center  
  155  10:18  Marine, Medivac  
  158  10:21  Medivac, Marine x3  
  158  10:22  Marine  
  158  10:23  Marine  
  158  10:26  Marine x4  
  169  10:28  Factory Tech Lab  
  168  10:36  Marine  
  168  10:39  Marine x3  
  168  10:40  Marine  
  168  10:41  Marine  
  172  10:44  Marine  
  173  10:54  Missile Turret  
  173  10:55  Supply Depot x2  
  173  10:56  Supply Depot  
  173  10:57  Missile Turret  
  173  10:58  Marine x2  
  173  10:59  Siege Tank x2  
  181  11:16  Siege Tank, Marine x2  
  186  11:19  Marine  
  186  11:20  Marine  
  194  11:34  Marine x2  
Show
View Real Time Build Order
Export as new Build Order

LiquidTLO Zerg 

Build Orders: Hatch First, Ravager All-In 

Get SALT Encoding   

  12  0:00  Drone  
  13  0:12  Overlord  
  13  0:17  Drone  
  14  0:30  Drone x2  
  16  0:50  Hatchery  
  16  0:52  Drone  
  16  0:56  Drone  
  17  1:00  Extractor  
  17  1:01  Drone  
  17  1:15  Spawning Pool  
  16  1:19  Drone  
  16  1:23  Drone  
  18  1:31  Drone  
  19  1:40  Overlord  
  19  2:02  Queen  
  19  2:03  Metabolic Boost, Zergling x2, Queen  
  19  2:07  Zergling x2  
  25  2:11  Drone  
  25  2:14  Drone  
  27  2:17  Drone  
  28  2:23  Overlord  
  28  2:33  Drone  
  28  2:34  Zergling x2  
  29  2:40  Queen  
  31  2:47  Drone  
  31  2:50  Drone x2  
  34  2:57  Zergling x4  
  36  3:04  Overlord  
  36  3:09  Drone  
  36  3:10  Drone  
  38  3:14  Drone x4  
  42  3:22  Extractor  
  42  3:25  Drone, Roach Warren  
  40  3:28  Drone  
  40  3:29  Drone  
  41  3:42  Drone  
  41  3:43  Drone x2  
  44  3:51  Drone x2  
  44  3:52  Overlord  
  44  3:53  Drone  
  47  3:56  Overlord  
  49  4:10  Spore Crawler, Roach x5  
  49  4:13  Extractor  
  49  4:15  Extractor  
  55  4:19  Overlord x3  
  55  4:22  Overlord  
  55  4:26  Overlord  
  55  4:28  Drone  
  55  4:30  Ravager x2  
  55  4:31  Ravager  
  59  4:37  Ravager x2  
  62  4:38  Drone x3  
  62  4:41  Roach  
  66  4:48  Roach  
  66  4:50  Roach  
  70  4:54  Roach  
  72  5:00  Roach  
  72  5:01  Roach  
  72  5:02  Roach  
  72  5:06  Roach  
  77  5:07  Spore Crawler  
  77  5:09  Roach  
  78  5:16  Drone x3  
  78  5:20  Drone, Ravager  
  83  5:26  Drone  
  79  5:38  Drone  
  79  5:39  Hatchery, Drone  
  79  5:40  Drone  
  81  5:44  Drone  
  82  5:51  Drone  
  82  5:52  Drone  
  82  5:53  Evolution Chamber x2  
  82  5:55  Drone  
  83  5:59  Ravager x4  
  83  6:02  Drone x2  
  89  6:05  Drone  
  89  6:09  Drone, Extractor  
  89  6:10  Ravager  
  91  6:12  Drone  
  92  6:20  Drone x2  
  92  6:21  Drone  
  92  6:22  Zerg Missile Weapons Level 1  
  92  6:24  Drone  
  97  6:25  Drone  
  97  6:26  Drone x2  
  99  6:37  Drone  
  99  6:39  Overlord  
  100  6:41  Overlord  
  100  6:45  Zerg Ground Armor Level 1  
  100  6:46  Lair  
  100  6:47  Overlord  
  100  6:52  Overlord  
  100  6:53  Drone  
  101  6:54  Drone  
  101  6:59  Drone, Spore Crawler  
  101  7:00  Extractor  
  101  7:02  Pneumatized Carapace  
  101  7:09  Roach x2  
  101  7:10  Roach  
  101  7:11  Drone  
  101  7:12  Drone  
  101  7:15  Roach  
  111  7:16  Spore Crawler  
  111  7:18  Roach  
  111  7:19  Roach  
  111  7:22  Roach  
  116  7:25  Roach x2  
  118  7:31  Roach x2  
  118  7:34  Roach x2  
  118  7:35  Roach  
  127  7:39  Roach  
  120  7:46  Drone  
  120  7:48  Roach  
  120  7:49  Drone  
  120  7:50  Roach  
  120  7:51  Roach  
  122  7:54  Drone x2  
  122  7:57  Roach  
  126  7:59  Roach x2  
  126  8:04  Roach  
  132  8:07  Roach  
  132  8:08  Roach  
  132  8:10  Roach  
  113  8:24  Roach  
  101  8:28  Roach  
  101  8:29  Roach  
  101  8:32  Roach x2  
  101  8:33  Roach  
  101  8:34  Roach, Queen  
  95  8:36  Roach  
  95  8:38  Roach  
  95  8:39  Drone x2  
  95  8:41  Ravager  
  104  8:42  Extractor  
  104  8:48  Ravager  
  104  8:49  Zergling x2  
  104  8:52  Ravager  
  104  8:53  Queen  
  104  8:55  Drone  
  109  8:58  Hatchery, Roach  
  109  8:59  Roach  
  109  9:02  Zergling x2  
  113  9:06  Drone x2  
  113  9:08  Drone  
  116  9:10  Queen x2  
  116  9:12  Ravager x3  
  123  9:23  Drone x2  
  125  9:27  Drone  
  125  9:28  Zerg Ground Armor Level 2  
  125  9:30  Drone  
  125  9:33  Drone  
  125  9:36  Zerg Missile Weapons Level 2  
  126  9:40  Overlord  
  126  9:44  Queen, Extractor  
  127  9:47  Drone  
  127  9:48  Infestation Pit, Extractor  
  127  9:50  Roach  
  132  9:52  Roach  
  132  9:53  Roach x4  
  132  9:57  Roach x2  
  139  10:00  Overlord, Ravager  
  139  10:02  Drone x2  
  141  10:09  Infestation Pit  
  141  10:12  Queen  
  142  10:16  Ravager x2  
  144  10:27  Ravager  
  144  10:28  Ravager x2  
  147  10:29  Roach  
  147  10:30  Roach  
  147  10:34  Roach x2  
  157  10:35  Roach  
  157  10:36  Roach  
  156  10:42  Overlord  
  156  10:44  Overlord, Roach x2  
  156  10:47  Pathogen Glands  
  156  10:49  Overlord x3  
  160  10:50  Overlord  
  160  10:53  Overlord  
  160  10:55  Overlord  
  160  11:03  Spore Crawler  
  159  11:05  Ravager x4  
  159  11:09  Drone  
  165  11:18  Drone x2, Spore Crawler  
  165  11:21  Infestor  
  165  11:23  Roach  
  165  11:25  Hatchery  
  168  11:26  Roach x2  
  168  11:28  Roach  
  168  11:30  Roach  
  168  11:31  Roach  
  172  11:34  Roach  
  172  11:35  Roach  

Tags
 
Add a new tag
Caveats
  • Supply blocks, unpowered buildings, or Contaminate may cause inaccurate times.
  • Supply counts are checked every 10 seconds.